 Dungeon Crawl Stone Soup version 0.30-a0-830-gfe289a77b0 (webtiles) character file.

Game seed: 6679460550723766103

35 ytrimaz the Trooper (level 3, 0/40 HPs)
             Began as an Ogre Berserker on Feb 28, 2023.
             Was a Follower of Trog.
             Succumbed to an adder's poison
             ... on level 2 of the Dungeon.
             The game lasted 00:01:39 (918 turns).

ytrimaz the Trooper (Ogre Berserker)                 Turns: 918, Time: 00:01:40

Health: 0/40       AC:  4    Str: 23    XL:     3   Next: 35%
Magic:  3/3        EV: 10    Int:  8    God:    Trog [*.....]
Gold:   52         SH:  0    Dex:  8    Spells: 2/2 levels left

rFire   . . .      SeeInvis .    a - +1 mace
rCold   . . .      Faith    .    (no shield)
rNeg    . . .      Spirit   .    b - +1 animal skin
rPois   .          Reflect  .    (helmet restricted)
rElec   .          Harm     .    (no cloak)
rCorr   .          Rampage  .    (gloves unavailable)
Will    .....                    (boots unavailable)
Stlth   +                        (no amulet)
HPRegen 0.26/turn                (no ring)
MPRegen 0.08/turn                (no ring)

@: lethally poisoned (0 -> -2), on berserk cooldown, slowed, very slow
A: large, unfitting armour, tough skin 1
a: Renounce Religion, Berserk


You were on level 2 of the Dungeon.
You worshipped Trog.
Trog was aware of your devotion.
You visited 1 branch of the dungeon, and saw 2 of its levels.

You collected 52 gold pieces.


Innate Abilities, Weirdness & Mutations

You are too large for most types of armour.
You have tough skin. (AC +1)


   Skills:
 + Level 4.6 Fighting
 * Level 3.6 Maces & Flails
 - Level 2.6 Dodging


You had 2 spell levels left.
You didn't know any spells.
Your spell library was empty.

Inventory:

Hand Weapons
 a - a +1 mace (weapon)
Armour
 b - a +1 animal skin (worn)

Dungeon Overview and Level Annotations

Branches:
Dungeon (2/15) Zot: 11068

Altars:

##... . .. ..... ...
##..#. ##..# # ....
..... .. #. #..#
..#..#
....####.##..##.....#
....#.............)..
##.#........†@.......
#......####.)######..
#.(....####..######.
#...................
#............!......
#...........#.......
#......####+#######.
#......###...
###............


There were no monsters in sight!


Message History

The adder poisons you! 😕 HP[-3]
You take 3 damage, and now have 32/40 hp.
You miss the adder.
You feel sick. The adder bites you. x2
You are more poisoned.
The adder poisons you! 😮 HP[-4]
You take 4 damage, and now have 28/40 hp.
You miss the adder.
You feel sick. The adder bites you. 😮 HP[-2]
You take 2 damage, and now have 26/40 hp.
You are too injured to fight recklessly!
You barely miss the adder.
You feel sick.
The adder completely misses you. x2 😮 HP[-2]
You take 2 damage, and now have 24/40 hp.
Unknown command.
You hit the adder but do no damage.
You feel sick. The adder bites you.
* * * LOW HITPOINT WARNING * * *
😨 HP[-5]
You take 5 damage, and now have 19/40 hp.
You are too injured to fight recklessly!
You barely miss the adder.
You feel sick. The adder closely misses you. x2
You are too injured to fight recklessly!
You barely miss the adder.
You feel sick. The adder bites you but does no damage. The adder bites you.
* * * LOW HITPOINT WARNING * * *
😨 HP[-3]
You take 3 damage, and now have 16/40 hp.
Unknown command.
You miss the adder.
You feel sick. The adder closely misses you. 😨 HP[-1]
You take 1 damage, and now have 15/40 hp.
You closely miss the adder.
You feel sick.
You are no longer poisoned.
The adder bites you.
* * * LOW HITPOINT WARNING * * *
You are poisoned.
The adder poisons you!
The adder bites you but does no damage. 😨 HP[-1]
You take 1 damage, and now have 14/40 hp.
You barely miss the adder.
You feel very sick. The adder bites you.
* * * LOW HITPOINT WARNING * * *
The adder barely misses you. 😱 HP[-7]
You take 7 damage, and now have 7/40 hp.
Okay, then.
You aren't carrying any potions.
Unknown command.
You aren't carrying any potions.
You aren't carrying any scrolls.
Unknown command.
A red film seems to cover your vision as you go berserk!
You feel yourself moving faster!
You feel mighty!
You feel sick. The adder bites you.
* * * LOW HITPOINT WARNING * * *
You are lethally poisoned!
The adder poisons you! 😱 HP[+1]
You now have 60 max hp (+20).
You completely miss the adder.
* * * LOW HITPOINT WARNING * * *
You feel sick. The adder closely misses you. 😱 HP[-1]
You take 1 damage, and now have 7/60 hp.
You barely miss the adder. Your punch misses the adder.
* * * LOW HITPOINT WARNING * * *
You feel sick. The adder barely misses you. 😱 HP[-2]
You take 2 damage, and now have 5/60 hp.
You thump the adder!
You kill the adder!
Trog accepts your kill.
* * * LOW HITPOINT WARNING * * *
You feel sick. 😱 HP[-1]
You take 1 damage, and now have 4/60 hp.
* * * LOW HITPOINT WARNING * * *
You feel sick.
You see here an adder corpse. 😱 HP[-1]
You take 1 damage, and now have 3/60 hp.
You feel a strong urge to attack something.
* * * LOW HITPOINT WARNING * * *
You feel sick. 😱 HP[-1]
You take 1 damage, and now have 2/60 hp.
Unknown command.
There is a lethal amount of poison in your body!
There is a lethal amount of poison in your body!
Unknown command.
You feel your anger nearly subside.
You are no longer berserk.
You are exhausted.
You feel yourself slow down.
* * * LOW HITPOINT WARNING * * *
You feel sick. 😱 HP[-1]
You now have 40 max hp (-20).
You die...

Skill      XL: |  1 |
---------------+----+-----
Maces & Flails | 3 |  3.6
Fighting       | |  4.6
Dodging        | |  2.6

Action                     || total
---------------------------++-------
  Melee: Mace              ||    65
 Invoke: Berserk           ||     1
    Use: Scroll            ||     2
 Armour: Animal skin       ||    23
  Dodge: Dodged            ||    46

Levels and vault maps discovered:
D:1:      nzn_arrival_water_spiral, layout_basic, serial_forest,
          infiniplex_forest_straight_1, infiniplex_forest_zigzag_2,
          infiniplex_forest_fountain, infiniplex_forest_join
D:2:      layout_basic, basic_altar, serial_shops, nicolae_square_shop

Notes
Turn   | Place    | Note
-------+----------+-------------------------------------------
     0 | D:1      | ytrimaz the Ogre Berserker began the quest for the Orb.
     0 | D:1      | Reached XP level 1. HP: 24/24 MP: 1/1
     0 | D:1      | magus.rc [v1.9.6]
   167 | D:1      | Reached skill level 3 in Maces & Flails
   213 | D:1      | Reached XP level 2. HP: 29/32 MP: 2/2
   892 | D:2      | Reached XP level 3. HP: 38/40 MP: 3/3
   909 | D:2      | HP: 7/40 [adder (4)]
   914 | D:2      | HP: 3/60 [poisoned by an adder]
   917 | D:2      | HP: 1/40 [poisoned by an adder]
   918 | D:2      | Succumbed to an adder's poison

Vanquished Creatures
  An adder (D:2)
  A dart slug (D:1)
  A ball python (D:2)
  2 bats (D:1)
  2 endoplasms
  5 goblins
  6 hobgoblins
  2 frilled lizards (D:1)
  A rat (D:1)
21 creatures vanquished.

Table legend:
 A = Non-vault XP
 B = Vault XP
 C = Vault XP percentage of total XP
 D = Non-vault monster count
 E = Vault monster count
 F = Vault count percentage of total count
                 A         B        C        D         E       F
            +---------+---------+-------+---------+---------+-------
      Total |      51 |       0 |   0.0 |      21 |       0 |   0.0
            +---------+---------+-------+---------+---------+-------
        D:1 |      26 |       0 |   0.0 |      14 |       0 |   0.0
        D:2 |      25 |       0 |   0.0 |       7 |       0 |   0.0
            +---------+---------+-------+---------+---------+-------

Illustrated notes

Table legend:
 A = Kills in this place as a percentage of kills in the entire game.
 B = Kills by you in this place as a percentage of kills by you in the entire game.
 C = Kills by friends in this place as a percentage of kills by friends in the entire game.
 D = Other kills in this place as a percentage of other kills in the entire game.
 E = Experience gained in this place as a percentage of experience gained in the entire game.
 F = Experience gained in this place divided by the number of levels of this place that you have seen.
                   A       B       C       D       E      F
               +-------+-------+-------+-------+-------+----------------------
         Total | 100.0 | 100.0 |   N/A |   N/A | 100.0 |  25.5
       Dungeon | 100.0 | 100.0 |   N/A |   N/A | 100.0 |  25.5
               +-------+-------+-------+-------+-------+----------------------

Table legend: (Time is in decaauts)
 A = Elapsed time spent in this place.
 B = Non-inter-level travel time spent in this place.
 C = Inter-level travel time spent in this place.
 D = Time resting spent in this place.
 E = Time spent auto-exploring this place.
 F = Levels seen in this place.
 G = Mean time per level.
                   A        B        C        D        E       F      G
               +--------+--------+--------+--------+--------+-----+--------+
         Total |    931 |    917 |     14 |      0 |    740 |   2 |  465.5 |
       Dungeon |    931 |    917 |     14 |      0 |    740 |   2 |  465.5 |
               +--------+--------+--------+--------+--------+-----+--------+

Top non-repeatable levels by time:
     D:1: 737 daAuts
     D:2: 194 daAuts
